 Dungeon Crawl Stone Soup version 0.27.1 (webtiles) character file.

Game seed: 5639340074062647556

25 ZARRMARR the Digger (level 3, -3/19 HPs)
             Began as a Gargoyle Earth Elementalist on Aug 22, 2021.
             Killed from afar by an orc wizard (10 damage)
             ... with a magic dart
             ... on level 2 of the Dungeon.
             The game lasted 00:06:00 (1086 turns).

ZARRMARR the Digger (Gargoyle Earth Elementalist)   Turns: 1086, Time: 00:06:00

Health: -3/19      AC:  5    Str: 11    XL:     3   Next: 4%
Magic:  1/6        EV: 12    Int: 16    God:
Gold:   44         SH:  0    Dex: 10    Spells: 6/7 levels left

rFire    . . .     SeeInvis .   d - staff of earth
rCold    . . .     Faith    .   (no shield)
rNeg     + . .     Spirit   .   b - +0 robe
rPois    ∞         Reflect  .   (no helmet)
rElec    +         Harm     .   (no cloak)
rCorr    .         Rampage  .   (no gloves)
Will     .....                  (no boots)
Stlth    +.........             (no amulet)
HPRegen  0.06/turn              (no ring)
MPRegen  0.10/turn              (no ring)

@: confused, mighty
A: sickness immunity, AC +3, negative energy resistance 1, electricity
resistance, torment resistance 1, petrification resistance
a: no special abilities


You were on level 2 of the Dungeon.
You visited 1 branch of the dungeon, and saw 2 of its levels.

You collected 44 gold pieces.

Inventory:

Armour
 b - a +0 robe (worn)
Magical Staves
 d - a staff of earth (weapon)
 e - a staff of conjuration
Scrolls
 f - a scroll of enchant weapon {unknown}
 g - a scroll of magic mapping {unknown}
 h - a scroll of silence {unknown}
 i - a scroll of blinking {unknown}


   Skills:
 + Level 1.6 Dodging
 + Level 2.3 Stealth
 + Level 2.6 Spellcasting
 - Level 0.7 Transmutations
 + Level 4.2 Earth Magic


You had 6 spell levels left.
You knew the following spells:

 Your Spells              Type           Power      Damage    Failure   Level
a - Sandblast             Erth           46%        2d11      3%          1

Your spell library contained the following spells:

 Spells                   Type           Power      Damage    Failure   Level
 Passwall                 Tmut/Erth      12%        N/A       11%         2
 Stone Arrow              Conj/Erth      26%        3d8       24%         3
 Petrify                  Tmut/Erth      15%        N/A       56%         4


Dungeon Overview and Level Annotations

Branches:
Dungeon (2/15)

Altars:


Innate Abilities, Weirdness & Mutations

You are immune to sickness and miasma.
Your stone body is resilient. (AC +3)
You are immune to poison.
You resist negative energy. (rN+)
You are resistant to electric shocks. (rElec)
You are resistant to unholy torment.
You are immune to petrification.


Message History

Aiming: Sandblast (safe; 3% risk of failure)
Press: ? - help, Shift-Dir - straight line, f/p - orc wizard
Aim: an orc wizard, wielding a +0 dagger and wearing a +2 robe of willpower (severely wounded, 76% to hit)
You feel a surge of power!
The blast of sand misses the orc wizard.
An orc comes into view. It is wielding a +0 mace.
Casting: Sandblast (safe; 3% risk of failure)
Confirm with . or Enter, or press ? or * to list all spells.
Aiming: Sandblast (safe; 3% risk of failure)
Press: ? - help, Shift-Dir - straight line, f/p - orc wizard
Aim: an orc wizard, wielding a +0 dagger and wearing a +2 robe of willpower (severely wounded, 76% to hit)
You feel a surge of power!
The blast of sand misses the orc wizard.
You now have no stones remaining.
The orc wizard hits you but does no damage.
An orc comes into view. It is wielding a +0 club.
The orc wizard barely misses you.
It was a potion of might.
You feel very mighty all of a sudden. The orc misses you.
You hit the orc!
You kill the orc!
The orc wizard points at you and mumbles some strange words.
You are confused.
You have reached level 3!
Your experience leads to an increase in your attributes!
Increase (S)trength, (I)ntelligence, or (D)exterity?
You feel clever.
The orc wizard hits you but does no damage.
You see here a +0 hand axe.
You miss the orc wizard.
The orc wizard is severely wounded.
The orc wizard casts a spell.
The orc wizard flickers and vanishes!
Deactivating autopickup; reactivate with Ctrl-A.
You hear some strange, mumbled words.
A magic dart appears from out of thin air!
The magic dart hits you!
Ouch! That really hurt!
You die...

#...# ### #...#####>.
#...#...#.# #
#######....# ..# ##..
#.........## #.##....
...........# #....o
.#.........##
##.#.###.#
#######....###oo......#
#...#@{o###.##..#
#...##### # #...# #...#
#...# ##.## #.


You could see 3 orcs.

Vanquished Creatures
  An orc (D:2)
  2 endoplasms
  A giant cockroach (D:1)
  2 goblins (D:1)
  4 hobgoblins
  3 jackals (D:1)
  A ball python (D:1)
  2 bats (D:1)
  3 frilled lizards (D:1)
  2 rats (D:1)
21 creatures vanquished.

Vanquished Creatures (others)
  A fungus (D:1)
  A plant (D:1)
2 creatures vanquished.

Grand Total: 23 creatures vanquished

Notes
Turn   | Place    | Note
-------+----------+-------------------------------------------
     0 | D:1      | ZARRMARR the Gargoyle Earth Elementalist began the quest
                  | for the Orb.
     0 | D:1      | Reached XP level 1. HP: 10/10 MP: 3/3
   246 | D:1      | Reached skill level 4 in Earth Magic
   258 | D:1      | Reached XP level 2. HP: 4/15 MP: 0/5
   997 | D:1      | Found a faded altar of an unknown god.
   999 | D:1      | Identified a scroll of acquirement
  1000 | D:1      | Acquired a staff of earth
  1085 | D:2      | Reached XP level 3. HP: 6/19 MP: 0/6
  1086 | D:2      | Killed from afar by an orc wizard

Illustrated notes

Levels and vault maps discovered:
D:1:      heliophobic_arrival_enchanted_forest, layout_loops_ring,
          shapermc_ecumenical_altar_mp_urbaneastern
D:2:      layout_loops_cross, uniq_crazy_yiuf_cottage

Skill      XL: |  1 |
---------------+----+-----
Earth Magic    | 4 |  4.2
Dodging        | |  1.6
Stealth        | |  2.3
Spellcasting   | |  2.6
Transmutations | |  0.7

Action                   || total
-------------------------++-------
Melee: Unarmed           ||     8
       Club              ||     8
       Staff             ||     3
 Cast: Sandblast         ||    30
  Use: Scroll            ||     2
       Potion            ||     1
Armor: Robe              ||     5
Dodge: Dodged            ||    14
